 Dungeon Crawl Stone Soup version 0.19.1 (webtiles) character file.

147 Miant the Vandal (level 4, -10/36 HPs)
             Began as a Demigod Hunter on Dec 18, 2016.
             Mangled by Tathariant's ghost (13 damage)
             ... on level 3 of the Dungeon.
             The game lasted 00:23:51 (3076 turns).

Miant the Vandal (Demigod Hunter)                   Turns: 3076, Time: 00:23:52

Health: -10/36     AC:  3    Str: 15    XL:     4   Next: 81%
Magic:  15/15      EV: 12    Int: 15    God:
Gold:   137        SH:  0    Dex: 18    Spells: 0 memorised, 3 levels left

rFire  . . .     SeeInvis .     a - +1 hunting sling
rCold  + . .     Gourm    .     c - +0 leather armour
rNeg   . . .     Faith    .     (no shield)
rPois  .         Spirit   .     (no helmet)
rElec  .         Reflect  .     (no cloak)
rCorr  .         Harm     .     (no gloves)
MR     .....                    (no boots)
Stlth  ++........               (no amulet)
                                r - ring of protection from cold
                                k - ring of magical power

@: no status effects
A: high mp 1
a: no special abilities


You were on level 3 of the Dungeon.
You were not hungry.

You visited 1 branch of the dungeon, and saw 3 of its levels.

You collected 137 gold pieces.

Inventory:

Hand Weapons
 a - a +1 hunting sling (weapon)
 b - a cursed -2 dagger
 h - a +2 dagger of protection
Missiles
 d - 2 sling bullets (quivered)
 j - 72 stones
Armour
 c - a +0 leather armour (worn)
Jewellery
 k - a ring of magical power (left hand)
 r - a ring of protection from cold (right hand)
Scrolls
 u - a scroll of immolation
Potions
 i - a potion of resistance {unknown}
 s - 2 potions of curing
Comestibles
 f - 3 bread rations
 q - 2 slices of pizza
 t - a beef jerky
 v - 2 fruits


   Skills:
 - Level 2.2 Fighting
 * Level 5.5 Slings
 - Level 0.5 Armour
 - Level 1.8 Dodging
 * Level 1.1 Stealth


You had 3 spell levels left.
You didn't know any spells.

Dungeon Overview and Level Annotations

Branches:
Dungeon (3/15)

Annotations:
D:3 Tathariant's ghost, amateur MiBe


Innate Abilities, Weirdness & Mutations

You have an increased reservoir of magic. (+10% MP)


Message History

Press: ? - help, Shift-Dir - straight line, f/p - Tathariant's ghost
Aim: Tathariant's ghost (moderately damaged, inner flame)
You shoot a sling bullet.
The sling bullet closely misses Tathariant's ghost.
Tathariant's ghost misses you.
Firing (i - inventory. (,) - cycle):
d - 4 sling bullets (quivered)
Press: ? - help, Shift-Dir - straight line, f/p - Tathariant's ghost
Aim: Tathariant's ghost (moderately damaged, inner flame)
You shoot a sling bullet.
The sling bullet closely misses Tathariant's ghost.
Tathariant's ghost hits you!
* * * LOW HITPOINT WARNING * * *
Firing (i - inventory. (,) - cycle):
d - 3 sling bullets (quivered)
Press: ? - help, Shift-Dir - straight line, f/p - Tathariant's ghost
Aim: Tathariant's ghost (moderately damaged, inner flame)
You shoot a sling bullet.
The sling bullet hits Tathariant's ghost.
Tathariant's ghost is moderately damaged.
Tathariant's ghost hits you!
You die...

...# ...# #..# #..# #..#
########### #..# #..(.......
#..##############.(........ #
#.........@W....>(.(.......
#.#......##########......#...
#.#......# #....(..###..
#........#### #...#..........
#######..<..........###...#.).).#
.........##.####### ##.##.._..#
#........# ... #..#.).).#
########.# #..## #.........
#....# ...# ##...###..


You could see Tathariant's ghost (inner flame).

Vanquished Creatures
  7 adders
  An ooze (D:2)
  2 worms (D:2)
  A dart slug (D:1)
  An orc (D:3)
  A ball python (D:2)
  14 giant cockroaches
  11 goblins
  6 hobgoblins
  8 jackals (D:2)
  A kobold (D:1)
  A quokka (D:2)
  2 bats (D:3)
  7 frilled lizards
  5 rats
68 creatures vanquished.

Notes
Turn   | Place    | Note
-------+----------+-------------------------------------------
     0 | D:1      | Miant the Demigod Hunter began the quest for the Orb.
     0 | D:1      | Reached XP level 1. HP: 17/17 MP: 3/3
     7 | D:1      | Noticed a black mamba
     7 | D:1      | Noticed a polar bear
     7 | D:1      | Noticed a redback
   247 | D:1      | Reached skill level 4 in Slings
   248 | D:1      | Reached XP level 2. HP: 24/24 MP: 4/4
  1014 | D:2      | Reached XP level 3. HP: 26/29 MP: 5/5
  1209 | D:2      | Found a glowing silver altar of Zin.
  1310 | D:2      | Reached skill level 5 in Slings
  1310 | D:2      | Reached XP level 4. HP: 36/36 MP: 6/6
  1554 | D:2      | Reached skill level 1 in Stealth
  1764 | D:2      | Found a glowing golden altar of the Shining One.
  2123 | D:3      | Noticed Tathariant's ghost (amateur MiBe)
  2200 | D:3      | HP: 1/36 [Tathariant's ghost (10)]
  3042 | D:3      | Found an iron altar of Okawaru.
  3076 | D:3      | Mangled by Tathariant's ghost

Skill      XL: |  1  2  3  4 |
---------------+-------------+-----
Slings         | 4 5 |  5.5
Fighting       | 2 |  2.2
Stealth        | 1 |  1.1
Armour         | |  0.5
Dodging        | |  1.8

Action                   |  1- 3 |  4- 6 || total
-------------------------+-------+-------++-------
Melee: Hunting sling     |       |    24 ||    24
       Dagger            |       |     5 ||     5
 Fire: Hunting sling     |   102 |   106 ||   208
  Use: Scroll            |     3 |     5 ||     8
       Potion            |       |     4 ||     4
  Eat: Chunk             |       |     3 ||     3
       Meat ration       |       |     1 ||     1
Armor: Leather armour    |     8 |    18 ||    26
       Skin              |       |    26 ||    26
Dodge: Dodged            |    33 |    39 ||    72
